 Dungeon Sprint DCSS version bcrawl-1.12-11-gb93c957c58 (webtiles) character file.

Game seed: 1794867396606025789

40217 Freyura the Warrior (level 14, -3/104 HPs)
             Began as a Gargoyle Monk on June 20, 2019.
             Was the Champion of Makhleb.
             Slain by a caustic shrike (11 damage)
             ... in the Dungeon (Sprint IX: "|||||||||||||||||||||||||||||").
             The game lasted 00:28:53 (3166 turns).

Freyura the Warrior (Gargoyle Monk)                 Turns: 3166, Time: 00:28:53

Health: -3/104     AC: 28    Str: 16    XL:     14   Next: 10%
Magic:  0/26       EV: 14    Int: 11    God:    Makhleb [******]
Gold:   1915       SH:  0    Dex: 16    Spells: 13/13 levels left

rFire    + + .     SeeInvis .   o - +4 dire flail (holy)
rCold    . . .     Gourm    .   (shield currently unavailable)
rNeg     + . .     Faith    .   C - +3 chain mail
rPois    ∞         Spirit   +   q - +2 helmet
rElec    +         Reflect  .   B - +1 cloak
rCorr    .         Harm     .   a - +2 pair of gloves
MR       +....     NoTele   +   v - +0 pair of boots
Stlth    ..........             d - amulet of guardian spirit
HPRegen  0.27/turn              x - ring of protection from fire
MPRegen  0.20/turn              z - ring of protection from fire

@: corroded
A: big wings, negative energy resistance 1, electricity resistance, unbreathing,
petrification resistance, rot immunity, AC +10
a: Fly, Minor Destruction, Lesser Servant of Makhleb, Major Destruction, Greater
Servant of Makhleb, Renounce Religion


You were in the Dungeon.
You worshipped Makhleb.
Makhleb was exalted by your worship.
You were hungry.

You visited 1 branch You collected 1915 gold pieces.

Inventory:

Hand Weapons
 o - a +4 dire flail of holy wrath (weapon)
Armour
 a - a +2 pair of gloves (worn)
 q - a +2 helmet (worn)
 v - a +0 pair of boots (worn)
 B - a +1 cloak (worn)
 C - a +3 chain mail (worn)
Jewellery
 b - a +2 ring of evasion
 c - a +2 ring of evasion
 d - an amulet of guardian spirit (around neck)
 x - a ring of protection from fire (left hand)
 y - an uncursed ring of protection from fire
 z - a ring of protection from fire (right hand)
 A - an uncursed ring of ice
Wands
 n - a wand of acid (10)
 t - a wand of disintegration (8)
Scrolls
 k - 4 scrolls of blinking
 l - 4 scrolls of remove curse
 m - 2 scrolls of amnesia
 p - a scroll of fog
 u - a scroll of identify
Potions
 e - 8 potions of curing
 g - a potion of invisibility
 h - 2 potions of haste
 j - a potion of heal wounds
 r - 2 potions of mutation
 w - a potion of flight
Comestibles
 f - 13 rations {!d}


   Skills:
 + Level 18.6 Fighting
 - Level 14.0 Maces & Flails
 + Level 18.4 Armour
 + Level 11.5 Dodging
 - Level 2.4 Stealth
 + Level 17.9 Invocations
 + Level 12.1 Evocations


You had 13 spell levels left.
You didn't know any spells.
Your spell library was empty.

Dungeon Overview and Level Annotations

Branches:
Dungeon (1/1)

Altars:
Cheibriados
Dithmenos
Elyvilon
Fedhas
Gozag
Hepliaklqana
Kikubaaqudgha
Lugonu
Makhleb
Nemelex Xobeh
Okawaru
Qazlal
Ru
Sif Muna
Trog
Uskayaw
Vehumet
Wu Jian
Xom
Yredelemnul
Zin
The Shining One
Beogh
Jiyva

Shops:
D *=*?


Innate Abilities, Weirdness & Mutations

You are resistant to torment.
Your stone body is resilient. (AC +10)
You are immune to poison.
Your large and strong wings let you fly indefinitely.
You resist negative energy. (rN+)
You are resistant to electric shocks. (rElec)
You can survive without breathing.
You are immune to petrification.
You are immune to rotting.


Message History

The caustic shrike barely misses you.
The caustic shrike claws you but does no damage.
You barely miss the caustic shrike.
The caustic shrike is lightly wounded.
The caustic shrike claws you! The acid corrodes you!
You are splashed with acid!
You hit the caustic shrike but do no damage.
The caustic shrike is lightly wounded.
The caustic shrike claws you!!
You are splashed with acid!
* * * LOW HITPOINT WARNING * * *
You barely miss the caustic shrike.
The caustic shrike is lightly wounded.
The caustic shrike claws you!!
* * * LOW HITPOINT WARNING * * *
You are splashed with acid!
* * * LOW HITPOINT WARNING * * *
You miss the caustic shrike.
The caustic shrike is lightly wounded.
The caustic shrike claws you!
You die...

▓▓▓▓▓▓▓▓▓▓▓▓▓▓▓▓▓▓▓▓▓▓▓▓
.KG{CDb@................
▓▓▓▓▓▓▓▓▓▓▓▓▓▓▓▓▓▓▓▓▓▓▓▓▓▓▓▓▓▓▓▓▓
.................................
▓▓▓▓▓▓▓▓▓▓▓▓▓▓▓▓▓▓▓▓▓▓▓▓▓▓▓▓▓▓▓▓▓
..))†)††).....†...†..............
▓▓▓▓▓▓▓▓▓▓▓▓▓▓▓▓▓▓▓▓▓▓▓▓▓▓▓▓▓▓▓▓▓
.................................
▓▓▓▓▓▓▓▓▓▓▓▓▓▓▓▓▓▓▓▓▓▓▓▓▓▓▓▓▓▓▓▓▓
...[[[[.[[.)))))))).....'........


You could see a caustic shrike, a fire dragon, a great orb of eyes, an ettin and
a kobold.

Vanquished Creatures
  A tengu reaver (D)
  Kirke (D)
  Donald (D)
  A stone giant (D)
  A very ugly thing (D)
  Azrael (D)
  A spark wasp (D)
  An ettin (D)
  Josephine (D)
  2 hydras (D)
  2 naga warriors (D)
  A ghost crab (D)
  A merfolk aquamancer (D)
  A catoblepas (D)
  An anaconda (D)
  2 two-headed ogres (D)
  A tengu warrior (D)
  A satyr (D)
  4 orc high priests (D)
  2 shock serpents (D)
  Sonja (D)
  A salamander mystic (D)
  A wizard (D)
  An orb spider (D)
  A harpy (D)
  6 orc knights (D)
  2 cyclopes (D)
  A manticore (D)
  A merfolk siren (D)
  An ugly thing (D)
  A naga mage (D)
  A torpor snail (D)
  3 cane toads (D)
  3 black mambas (D)
  A rime drake (D)
  A demonic crawler (D)
  3 komodo dragons (D)
  A wind drake (shapeshifter) (D)
  4 tyrant leeches (D)
  A jumping spider (D)
  A merfolk (D)
  A polar bear (D)
  A hornet (D)
  A bog body (D)
  A slime creature (D)
  A dream sheep (shapeshifter) (D)
  3 snapping turtles (D)
  2 tarantellas (D)
  A redback (D)
  Eustachio (D)
  2 fire elementals (D)
  A basilisk (D)
  5 wraiths (D)
  A steam dragon (D)
  3 vampire mosquitoes (D)
  5 water moccasins (D)
  4 hell hounds (D)
  8 orc warriors (D)
  An ice beast (D)
  An eye of draining (D)
  An ogre (D)
  A centaur (D)
  3 crocodiles (D)
  6 bullfrogs (D)
  A killer bee (D)
  A crimson imp (D)
  4 orc priests (D)
  4 orc wizards (D)
  2 worker ants (D)
  2 adders (D)
  5 orcs (D)
  A bat skeleton (D)
  A goblin (D)
  A hobgoblin (D)
  A kobold (D)
  2 quokkas (D)
  A frilled lizard (D)
  A rat (D)
144 creatures vanquished.

Vanquished Creatures (collateral kills)
  A frost giant (D)
  3 orc high priests (D)
  A spriggan berserker (D)
  2 orc knights (D)
  A manticore (D)
  An eye of devastation (shapeshifter) (D)
  A hog (D)
  2 orc warriors (D)
  An orc priest (D)
13 creatures vanquished.

Vanquished Creatures (others)
  A hydra (D)
  A slime creature (D)
2 creatures vanquished.

Grand Total: 159 creatures vanquished

Notes
Turn   | Place    | Note
-------+----------+-------------------------------------------
     0 | D        | Freyura the Gargoyle Monk began the quest for the Orb.
     0 | D        | Reached XP level 1. HP: 14/14 MP: 2/2
     9 | D        | Reached skill level 1 in Armour
   193 | D        | Noticed an ice beast
   197 | D        | Killed an ice beast
   197 | D        | Reached skill level 5 in Maces & Flails
   197 | D        | Reached skill level 5 in Armour
   197 | D        | Reached XP level 2. HP: 3/23 MP: 0/3
   197 | D        | Reached XP level 3. HP: 4/28 MP: 0/4
   197 | D        | Reached XP level 4. HP: 5/32 MP: 0/5
   198 | D        | HP: 2/48 [quokka (3)]
   467 | D        | Found a roughly hewn altar of Beogh.
   467 | D        | Found a snail-covered altar of Cheibriados.
   467 | D        | Found a shadowy altar of Dithmenos.
   467 | D        | Found a white marble altar of Elyvilon.
   467 | D        | Found a blossoming altar of Fedhas.
   467 | D        | Found an opulent altar of Gozag.
   468 | D        | Found a hazy altar of Hepliaklqana.
   469 | D        | Found a viscous altar of Jiyva.
   470 | D        | Found an ancient bone altar of Kikubaaqudgha.
   471 | D        | Found a corrupted altar of Lugonu.
   472 | D        | Found a burning altar of Makhleb.
   473 | D        | Found a sparkling altar of Nemelex Xobeh.
   474 | D        | Found an iron altar of Okawaru.
   475 | D        | Found a stormy altar of Qazlal.
   476 | D        | Found a sacrificial altar of Ru.
   477 | D        | Found a deep blue altar of Sif Muna.
   478 | D        | Found a bloodstained altar of Trog.
   479 | D        | Found a hide-covered altar of Uskayaw.
   480 | D        | Became a worshipper of Makhleb the Destroyer
   480 | D        | Reached * piety under Makhleb
   480 | D        | Reached ** piety under Makhleb
   481 | D        | Found a radiant altar of Vehumet.
   482 | D        | Found an ornate altar of the Wu Jian Council.
   483 | D        | Found a shimmering altar of Xom.
   484 | D        | Found a basalt altar of Yredelemnul.
   485 | D        | Found a glowing silver altar of Zin.
   486 | D        | Found a glowing golden altar of the Shining One.
   553 | D        | Noticed an eye of draining
   553 | D        | Noticed a centaur
   553 | D        | Noticed a steam dragon
   564 | D        | Killed a steam dragon
   564 | D        | Reached XP level 5. HP: 28/39 MP: 1/8
   564 | D        | Reached XP level 6. HP: 32/44 MP: 1/9
   575 | D        | Reached skill level 5 in Invocations
   594 | D        | Reached *** piety under Makhleb
   603 | D        | Killed an eye of draining
   603 | D        | Reached XP level 7. HP: 35/50 MP: 0/11
   696 | D        | Noticed a slime creature
   696 | D        | Noticed a five-headed hydra
   712 | D        | Killed a five-headed hydra
   712 | D        | Reached skill level 10 in Fighting
   712 | D        | Reached XP level 8. HP: 52/57 MP: 0/14
   719 | D        | Killed a slime creature
   719 | D        | Reached **** piety under Makhleb
   722 | D        | Reached skill level 10 in Armour
   936 | D        | Noticed a komodo dragon
   949 | D        | Reached ***** piety under Makhleb
   962 | D        | Reached XP level 9. HP: 63/63 MP: 15/15
   975 | D        | Killed a komodo dragon
  1016 | D        | Noticed a polar bear
  1016 | D        | Noticed a komodo dragon
  1016 | D        | Noticed a black mamba
  1016 | D        | Noticed a komodo dragon
  1023 | D        | Killed a komodo dragon
  1023 | D        | Reached skill level 10 in Invocations
  1028 | D        | Noticed a rime drake
  1032 | D        | Reached ****** piety under Makhleb
  1033 | D        | Noticed a six-headed hydra
  1051 | D        | Killed a black mamba
  1055 | D        | Killed a komodo dragon
  1055 | D        | Reached XP level 10. HP: 56/71 MP: 7/17
  1060 | D        | Killed a six-headed hydra
  1100 | D        | Noticed a cane toad
  1100 | D        | Noticed a cane toad
  1113 | D        | Killed a cane toad
  1126 | D        | Killed a cane toad
  1348 | D        | Reached skill level 1 in Evocations
  1415 | D        | Noticed an orc knight
  1415 | D        | Noticed an orc high priest
  1420 | D        | Reached XP level 11. HP: 61/79 MP: 17/20
  1423 | D        | Killed an orc high priest
  1428 | D        | Killed an orc knight
  1595 | D        | Found Neqoc's Magic Scroll Boutique.
  1595 | D        | Noticed an orc knight
  1595 | D        | Noticed an orc knight
  1595 | D        | Noticed an orc high priest
  1595 | D        | Noticed an orc knight
  1595 | D        | Noticed an orc high priest
  1596 | D        | Noticed an orc knight
  1599 | D        | Killed an orc high priest
  1606 | D        | Noticed an orc knight
  1609 | D        | Killed an orc knight
  1612 | D        | Killed an orc high priest
  1612 | D        | Noticed an orc high priest
  1616 | D        | Noticed an orc high priest
  1617 | D        | Killed an orc knight
  1629 | D        | Killed an orc knight
  1629 | D        | Reached skill level 5 in Dodging
  1642 | D        | Killed an orc knight
  1654 | D        | Killed an orc knight
  1654 | D        | Reached skill level 5 in Evocations
  1660 | D        | Killed an orc high priest
  1668 | D        | Killed an orc high priest
  1668 | D        | Reached skill level 15 in Fighting
  1675 | D        | Noticed an orc knight
  1685 | D        | Found Goas's General Store.
  1702 | D        | Killed an orc knight
  1705 | D        | Found Ynelics's Jewellery Boutique.
  1709 | D        | Found Wenuacij's Assorted Antiques.
  1727 | D        | Noticed an orc high priest
  1728 | D        | Noticed an orc knight
  1729 | D        | Noticed an orc high priest
  1745 | D        | Killed an orc high priest
  1749 | D        | Killed an orc knight
  1750 | D        | Killed an orc high priest
  1750 | D        | Reached skill level 15 in Armour
  1803 | D        | Noticed Eustachio
  1815 | D        | Killed Eustachio
  1841 | D        | Noticed Josephine
  1844 | D        | Reached XP level 12. HP: 88/88 MP: 22/22
  1867 | D        | Killed Josephine
  2035 | D        | Noticed a two-headed ogre
  2041 | D        | Noticed a catoblepas
  2050 | D        | Noticed a stone giant
  2053 | D        | Noticed a two-headed ogre
  2065 | D        | Killed a two-headed ogre
  2066 | D        | Noticed a frost giant
  2078 | D        | Killed a catoblepas
  2078 | D        | Reached skill level 15 in Invocations
  2079 | D        | Noticed an ettin
  2091 | D        | Noticed a tengu warrior
  2092 | D        | Killed a stone giant
  2104 | D        | Killed a two-headed ogre
  2116 | D        | Killed a frost giant
  2129 | D        | Killed an ettin
  2142 | D        | Killed a tengu warrior
  2229 | D        | Noticed Donald
  2249 | D        | Killed Donald
  2249 | D        | Reached XP level 13. HP: 84/95 MP: 16/24
  2265 | D        | Noticed Sonja
  2278 | D        | Killed Sonja
  2449 | D        | Noticed Azrael
  2471 | D        | Killed Azrael
  2538 | D        | Noticed a spark wasp
  2555 | D        | Killed a spark wasp
  2555 | D        | Reached skill level 10 in Evocations
  2623 | D        | Reached skill level 10 in Dodging
  3024 | D        | Noticed Kirke
  3043 | D        | Killed Kirke
  3100 | D        | Noticed a fire dragon
  3100 | D        | Noticed a tengu reaver
  3100 | D        | Noticed a green very ugly thing
  3110 | D        | Noticed a caustic shrike
  3119 | D        | Killed a green very ugly thing
  3119 | D        | Gained mutation: Your large and strong wings let you fly
                  | indefinitely. [Gargoyle growth]
  3119 | D        | Reached XP level 14. HP: 104/104 MP: 23/26
  3143 | D        | HP: 1/104 [acid (11)]
  3152 | D        | Killed a tengu reaver
  3166 | D        | Slain by a caustic shrike

Skill      XL: |  1  2  3  4  5  6  7  8  9 10 11 12 13 14 |
---------------+-------------------------------------------+-----
Armour         | 5 6 8 9 10 11 13 15 16 18 | 18.4
Fighting       | 6 7 8 10 12 13 15 16 18 | 18.6
Maces & Flails | 5 7 9 11 12 14 | 14.0
Invocations    | 4 5 8 10 12 14 15 17 | 17.9
Evocations     | 2 6 9 11 12 | 12.1
Dodging        | 3 6 9 11 | 11.5
Stealth        | |  2.4

Action                   |  1- 3 |  4- 6 |  7- 9 | 10-12 | 13-15 || total
-------------------------+-------+-------+-------+-------+-------++-------
Melee: Mace              |    30 |    47 |       |       |       ||    77
       Dire flail        |       |    48 |   133 |   379 |   378 ||   938
Invok: Minor Destruction |       |       |     1 |       |       ||     1
       Major Destruction |       |       |       |     2 |       ||     2
       Greater Servant o |       |       |       |     7 |     2 ||     9
  Use: Potion            |     1 |     2 |     1 |     8 |     3 ||    15
       Scroll            |       |       |     6 |     1 |       ||     7
 Stab: Petrified         |       |       |       |    13 |       ||    13
       Distracted        |       |       |       |       |     1 ||     1
  Eat: Chunk             |       |       |     1 |     4 |     3 ||     8
Armor: Robe              |     8 |    12 |       |       |       ||    20
       Chain mail        |       |    28 |    65 |   130 |   193 ||   416
Dodge: Dodged            |    13 |    72 |    51 |   136 |   159 ||   431
